 Dungeon Crawl Stone Soup version 0.28-a0-586-gbdb9d174a4 (webtiles) character file.

Game seed: 4810449734972019452

424 fvbjks the Digger (level 6, 0/32 HPs)
             Began as a Gargoyle Earth Elementalist on Oct 3, 2021.
             Slain by Eustachio (5 damage)
             ... on level 4 of the Dungeon.
             The game lasted 00:07:31 (3656 turns).

fvbjks the Digger (Gargoyle Earth Elementalist)     Turns: 3656, Time: 00:07:32

Health: 0/32       AC: 10    Str: 12    XL:     6   Next: 96%
Magic:  0/12       EV: 12    Int: 17    God:
Gold:   98         SH:  0    Dex: 12    Spells: 9/13 levels left

rFire   . . .      SeeInvis .   s - +2 mace (protect)
rCold   . . .      Faith    .   (no shield)
rNeg    + + .      Spirit   .   b - +0 robe
rPois   ∞          Reflect  .   (no helmet)
rElec   +          Harm     .   p - +0 cloak
rCorr   .          Rampage  .   (no gloves)
Will    .....                   a - +0 pair of boots
Stlth   ++........              (no amulet)
HPRegen 0.10/turn               j - ring of positive energy
MPRegen 0.13/turn               (no ring)

@: brilliant, very slightly contaminated, invisible
A: sickness immunity, AC +4, negative energy resistance 1, electricity
resistance, torment resistance 1, petrification resistance, iridescent scales 1,
agile 1
a: no special abilities


You were on level 4 of the Dungeon.
You visited 1 branch of the dungeon, and saw 5 of its levels.

You collected 98 gold pieces.

Inventory:

Hand Weapons
 d - a +0 dagger
 s - a +2 mace of protection (weapon)
Missiles
 c - 83 stones
Armour
 a - a +0 pair of boots (worn)
 b - a +0 robe (worn)
 p - a +0 cloak (worn)
Jewellery
 f - a ring of fire
 j - a ring of positive energy (left hand)
Potions
 e - a potion of lignification
 m - a potion of cancellation
 q - a potion of curing {unknown}
 r - a potion of attraction {unknown}


   Skills:
 - Level 1.5 Dodging
 - Level 2.1 Stealth
 + Level 4.2 Spellcasting
 + Level 3.6 Conjurations
 - Level 0.7 Transmutations
 + Level 6.2 Earth Magic


You had 9 spell levels left.
You knew the following spells:

 Your Spells              Type           Power      Damage    Failure   Level
a - Sandblast             Erth           74%        2d16      1%          1
b - Stone Arrow           Conj/Erth      60%        3d10      6%          3

Your spell library contained the following spells:

 Spells                   Type           Power      Damage    Failure   Level
 Passwall                 Tmut/Erth      19%        N/A       5%          2
 Mephitic Cloud           Conj/Pois/Air  11%        N/A       28%         3
 Petrify                  Tmut/Erth      23%        N/A       36%         4
 Ignite Poison            Fire/Tmut/Pois 6%         N/A       38%         3
 Leda's Liquefaction      Hex/Erth       10%        N/A       41%         4
 Call Canine Familiar     Summ           5%         N/A       43%         3
 Portal Projectile        Hex/Tloc       10%        N/A       43%         3
 Freezing Cloud           Conj/Ice/Air   5%         6-21      95%         5


Dungeon Overview and Level Annotations

Branches:
Dungeon (5/15)
 Temple: D:4-7

Altars:
Ashenzari
Kikubaaqudgha

Annotations:
D:4 Eustachio


Innate Abilities, Weirdness & Mutations

You are immune to sickness and miasma.
Your stone body is resilient. (AC +4)
You are immune to poison.
You resist negative energy. (rN+)
You are resistant to electric shocks. (rElec)
You are resistant to unholy torment.
You are immune to petrification.
You are partially covered in iridescent scales. (AC +2)
You are agile. (Dex +2)


Message History

Nothing appears to happen.
Eustachio gestures wildly while chanting.
Eustachio blinks!
Unknown command.
Unknown command.
Casting: Sandblast (safe; 1% risk of failure)
Confirm with . or Enter, or press ? or * to list all spells.
Okay, then.
Casting: Sandblast (safe; 1% risk of failure)
Confirm with . or Enter, or press ? or * to list all spells.
Aiming: Sandblast (safe; 1% risk of failure)
Press: ? - help, Shift-Dir - straight line, f/p - Eustachio
Aim: Eustachio, wielding a +0 rapier and wearing a +2 leather armour of fire resistance (heavily wounded, 75% to hit)
You feel a surge of power!
The blast of sand hits Eustachio!
Eustachio is almost dead.
Unknown command.
Casting: Sandblast (safe; 1% risk of failure)
Confirm with . or Enter, or press ? or * to list all spells.
Aiming: Sandblast (safe; 1% risk of failure)
Press: ? - help, Shift-Dir - straight line, f/p - Eustachio
Aim: Eustachio, wielding a +0 rapier and wearing a +2 leather armour of fire resistance (almost dead, 75% to hit)
You feel a surge of power!
You miscast Sandblast.
Nothing appears to happen.
Eustachio calls on the powers of shadow!
Eustachio hits you with a +0 rapier.
Unknown command.
You miss Eustachio.
Eustachio is almost dead.
Eustachio hits you with a +0 rapier!
You barely miss Eustachio.
Eustachio is almost dead.
Eustachio barely misses you. Eustachio hits you with a +0 rapier!
* * * LOW HITPOINT WARNING * * *
Unknown command.
It was a potion of invisibility.
You fade into invisibility!
Eustachio barely misses you.
You closely miss Eustachio.
Eustachio is almost dead.
Eustachio hits you with a +0 rapier.
You die...

#.## #.#
######.###.#
#.........#
#.######..### #.#
#....# #.# ##.#.#
# #.# #.# # . #.#
#@# # ####.# #@# #
#....# #.# ####
#.#### #.# #...
#.## #.# ###.#.
#..#### #.# #.<...
##...)######.#
#.#.#.
##...).....#.#
#.#.##
.#....P._.P.#.#.#
#..####.#.##
.................#
#.......<...


You could see Eustachio.

Vanquished Creatures
  A water moccasin (D:5)
  2 necrophages (D:5)
  An iguana (D:4)
  7 adders
  A worm (D:2)
  3 dart slugs
  An orc (D:4)
  5 bats
  4 endoplasms
  A giant cockroach (D:3)
  7 goblins
  7 hobgoblins
  3 jackals (D:1)
  3 kobolds
  A quokka (D:1)
  7 ball pythons
  3 frilled lizards
  7 rats
64 creatures vanquished.

Vanquished Creatures (others)
  16 plants (D:3)
16 creatures vanquished.

Grand Total: 80 creatures vanquished

Notes
Turn   | Place    | Note
-------+----------+-------------------------------------------
     0 | D:1      | fvbjks the Gargoyle Earth Elementalist began the quest for
                  | the Orb.
     0 | D:1      | Reached XP level 1. HP: 10/10 MP: 3/3
   168 | D:1      | Reached skill level 4 in Earth Magic
   168 | D:1      | Reached XP level 2. HP: 7/15 MP: 3/5
  1180 | D:1      | Reached XP level 3. HP: 17/19 MP: 5/7
  1197 | D:1      | Learned a level 3 spell: Stone Arrow
  1429 | D:1      | You fall into a shaft and drop 1 floor!
  1876 | D:2      | Reached skill level 1 in Conjurations
  2010 | D:2      | Reached XP level 4. HP: 24/24 MP: 5/8
  2818 | D:3      | Found an ancient bone altar of Kikubaaqudgha.
  2822 | D:3      | Reached skill level 5 in Earth Magic
  2918 | D:3      | Found a faded altar of an unknown god.
  2960 | D:3      | Reached XP level 5. HP: 28/28 MP: 9/9
  3154 | D:4      | You fall into a shaft and drop 1 floor!
  3154 | D:5      | Entered Level 5 of the Dungeon
  3154 | D:5      | Noticed a necrophage
  3157 | D:5      | Killed a necrophage
  3209 | D:5      | Noticed a water moccasin
  3219 | D:5      | Killed a water moccasin
  3220 | D:5      | Reached XP level 6. HP: 25/32 MP: 3/12
  3399 | D:5      | Noticed a necrophage
  3404 | D:5      | Killed a necrophage
  3405 | D:5      | Reached skill level 6 in Earth Magic
  3525 | D:4      | Found a broken altar of Ashenzari.
  3610 | D:4      | Noticed Eustachio
  3632 | D:4      | Gained mutation: You are partially covered in iridescent
                  | scales. (AC +2) [potion of mutation]
  3632 | D:4      | Gained mutation: You are agile. (Dex +2) [potion of
                  | mutation]
  3656 | D:4      | Slain by Eustachio

Illustrated notes

Levels and vault maps discovered:
D:1:      minmay_arrival_diagonal_passages, layout_basic,
          kennysheep_decorative_pillar, minmay_split_cup_small
D:2:      layout_basic, glass_columns_c, grunt_ministairs_3
D:3:      layout_rooms, mainiacjoe_overflow_cross_hatched,
          chequers_ecumenical_altar_island, hangedman_decor_riveting
D:4:      layout_loops_ring, mainiacjoe_overflow_tiny_flanked, uniq_eustachio,
          uniq_pikel
D:5:      layout_loops_corners, minivault_26, serial_bayou_lagoon_a

Skill      XL: |  1  2  3  4  5  6 |
---------------+-------------------+-----
Earth Magic    | 4 5 6 |  6.2
Conjurations   | 1 3 |  3.6
Spellcasting   | 3 4 |  4.2
Dodging        | |  1.5
Stealth        | |  2.1
Transmutations | |  0.7

Action                   |  1- 3 |  4- 6 || total
-------------------------+-------+-------++-------
Melee: Dagger            |    97 |    64 ||   161
       Mace              |       |    43 ||    43
 Cast: Sandblast         |    22 |    44 ||    66
       Stone Arrow       |       |     2 ||     2
  Use: Scroll            |       |    10 ||    10
       Potion            |       |     3 ||     3
 Stab: Sleeping          |     2 |     3 ||     5
Armor: Robe              |    52 |    70 ||   122
Dodge: Dodged            |    68 |    98 ||   166

Table legend: (Time is in decaauts)
 A = Elapsed time spent in this place.
 B = Non-inter-level travel time spent in this place.
 C = Inter-level travel time spent in this place.
 D = Time resting spent in this place.
 E = Time spent auto-exploring this place.
 F = Levels seen in this place.
 G = Mean time per level.
                   A        B        C        D        E       F      G
               +--------+--------+--------+--------+--------+-----+--------+
         Total |   3676 |   3585 |     91 |      0 |   2925 |   5 |  735.2 |
       Dungeon |   3676 |   3585 |     91 |      0 |   2925 |   5 |  735.2 |
               +--------+--------+--------+--------+--------+-----+--------+

Top non-repeatable levels by time:
     D:1: 1603 daAuts
     D:2: 892 daAuts
     D:3: 587 daAuts
     D:5: 375 daAuts
     D:4: 217 daAuts
